 Dungeon Crawl Stone Soup version 0.28-a0-514-g0d7ab7f379 (webtiles) character file.

Game seed: 7749837816380264040

15 DavidChitty2 the Skirmisher (level 2, 0/27 HPs)
             Began as a Minotaur Fighter on Sept 22, 2021.
             Slain by a kobold (18 damage)
             ... on level 1 of the Dungeon.
             The game lasted 00:00:43 (713 turns).

DavidChitty2 the Skirmisher (Minotaur Fighter)       Turns: 713, Time: 00:00:43

Health: 0/27       AC:  7    Str: 20    XL:     2   Next: 34%
Magic:  1/1        EV:  9    Int:  5    God:
Gold:   37         SH:  4    Dex:  9    Spells: 1/1 levels left

rFire   . . .      SeeInvis .   a - +0 war axe
rCold   . . .      Faith    .   c - +0 buckler
rNeg    . . .      Spirit   .   b - +0 scale mail
rPois   +          Reflect  .   (helmet restricted)
rElec   .          Harm     .   (no cloak)
rCorr   .          Rampage  .   (no gloves)
Will    .....                   (no boots)
Stlth   ..........              (no amulet)
HPRegen 0.09/turn               f - ring of poison resistance
MPRegen 0.07/turn               (no ring)

@: no status effects
A: horns 2, retaliatory headbutt
a: no special abilities


You were on level 1 of the Dungeon.
You visited 1 branch of the dungeon, and saw 1 of its levels.

You collected 37 gold pieces.

Inventory:

Hand Weapons
 a - a +0 war axe (weapon)
Missiles
 e - 17 poisoned darts (quivered)
Armour
 b - a +0 scale mail (worn)
 c - a +0 buckler (worn)
Jewellery
 f - a ring of poison resistance (left hand)
   (You found it on level 1 of the Dungeon)
Potions
 d - a potion of might
 g - a potion of flight {unknown}


   Skills:
 + Level 3.8 Fighting
 * Level 3.0 Axes
 + Level 3.8 Armour
 + Level 3.8 Shields


You had one spell level left.
You didn't know any spells.
Your spell library was empty.

Dungeon Overview and Level Annotations

Branches:
Dungeon (1/15)

Altars:


Innate Abilities, Weirdness & Mutations

You have a pair of horns on your head.
You reflexively headbutt those who attack you in melee.


Message History

You furiously retaliate!
You headbutt the endoplasm!
You kill the endoplasm!
No target in view!
No target in view!
Found a ring mail.
You open the door.
There is an open door here.
You open the door.
There is an open door here.
Found a stone staircase leading down.
Found an escape hatch in the floor.
Found an emerald potion.
There is an escape hatch in the floor here.
g - an emerald potion
Found 16 gold pieces.
A goblin comes into view. It is wielding a +0 dagger.
The goblin shouts!
A goblin is nearby!
The goblin hits you with a +0 dagger.
You see here 16 gold pieces.
You slash the goblin!
You kill the goblin!
Your Axes skill increases to level 3!
You now have 37 gold pieces (gained 16).
Things that are here:
a +0 dagger; a goblin corpse
Found a dagger.
A kobold comes into view. It is wielding a +0 club.
The kobold shouts!
The kobold hits you but does no damage.
You closely miss the kobold. Your headbutt misses the kobold.
The kobold barely misses you. You furiously retaliate!
You headbutt the kobold.
You kill the kobold!
No target in view!
No target in view!
Things that are here:
a +0 club; a kobold corpse
Found a stone staircase leading down.
Found 23 bolts.
A kobold comes into view.
It is wielding a +0 whip of electrocution.
The kobold shouts!
The kobold throws a stone.
The stone hits you.
A kobold is nearby!
The kobold hits you with a +0 whip of electrocution.
You barely miss the kobold.
The kobold hits you with a +0 whip of electrocution.
You hit the kobold. The kobold hits you but does no damage.
You are electrocuted!!
Ouch! That really hurt!
You die...

...###.#...###.≈.##.≈.≈.#≈.P#.#
##.# #.#.♣.≈..≈≈≈..≈≈≈≈≈..≈..≈#
##.# #.'.....≈≈≈≈≈≈≈≈≈≈≈≈≈≈≈.≈#
...# #.'.≈..≈≈≈≈≈≈≈≈≈≈≈≈≈≈≈≈≈≈#
##.###.#.P≈≈≈≈PP≈≈≈≈P≈P≈≈≈≈≈≈≈#
.......#...≈..PPP≈≈≈≈PP≈≈≈≈≈≈≈#
....##.#...P.≈.≈P≈≈PP≈P≈≈≈≈≈≈P#
....##.########################
....##.. ......K@...#..........
....##.############.#..########
######## #.#.(# ###### #....#
#..... ##...# #..... #...#
#..... #...#####.....
#.>........... ###.##########


You could see a kobold.

Vanquished Creatures
  A dart slug (D:1)
  A ball python (D:1)
  2 endoplasms (D:1)
  A giant cockroach (D:1)
  2 goblins (D:1)
  2 hobgoblins (D:1)
  A kobold (D:1)
10 creatures vanquished.

Notes
Turn   | Place    | Note
-------+----------+-------------------------------------------
     0 | D:1      | DavidChitty2 the Minotaur Fighter began the quest for the
                  | Orb.
     0 | D:1      | Reached XP level 1. HP: 19/19 MP: 0/0
   124 | D:1      | Reached XP level 2. HP: 22/27 MP: 1/1
   713 | D:1      | Slain by a kobold

Illustrated notes

Levels and vault maps discovered:
D:1:      lightli_arrival_windingriver, layout_basic,
          shapermc_ecumenical_altar_ellora

Skill      XL: |  1  2 |
---------------+-------+-----
Axes           | 3 |  3.0
Fighting       | |  3.8
Armour         | |  3.8
Shields        | |  3.8

Action                   || total
-------------------------++-------
Melee: War axe           ||    18
       Headbutt          ||     1
Armor: Scale mail        ||     8
Dodge: Dodged            ||    10
Block: Buckler           ||     2

Table legend: (Time is in decaauts)
 A = Elapsed time spent in this place.
 B = Non-inter-level travel time spent in this place.
 C = Inter-level travel time spent in this place.
 D = Time resting spent in this place.
 E = Time spent auto-exploring this place.
 F = Levels seen in this place.
 G = Mean time per level.
                   A        B        C        D        E       F      G
               +--------+--------+--------+--------+--------+-----+--------+
         Total |    720 |    720 |      0 |     86 |    552 |   1 |  720.0 |
       Dungeon |    720 |    720 |      0 |     86 |    552 |   1 |  720.0 |
               +--------+--------+--------+--------+--------+-----+--------+

Top non-repeatable levels by time:
     D:1: 720 daAuts
